 Dungeon Crawl Stone Soup version 0.21-a0-444-g29a2fec (webtiles) character file.

43526 4thArraOfDagon the Scorcher (level 13, -10/63 HPs)
             Began as a Deep Elf Fire Elementalist on Nov 17, 2017.
             Was an Elder of Sif Muna.
             Mangled by a sun demon (27 damage)
             ... summoned by a deep elf mage
             ... on level 1 of the Elven Halls.
             The game lasted 00:50:43 (6895 turns).

4thArraOfDagon the Scorcher (DEFE)                  Turns: 6895, Time: 00:50:43

Health: -10/63     AC: 14    Str:  5    XL:     13   Next: 91%
Magic:  28/40      EV: 13    Int: 45    God:    Sif Muna [****..]
Gold:   42         SH: 11    Dex: 13    Spells: 7/37 levels left

rFire    x . .     SeeInvis .   F - +3 long sword of the Candelabrum {speed, Int+3}
rCold    + + +     Gourm    .   r - +3 buckler {AC+3}
rNeg     . . .     Faith    .   M - +1 robe of Fanaticism {MP+9 Int+4}
rPois    .         Spirit   .   R - +2 helmet {Int+3}
rElec    .         Reflect  +   o - +0 cloak
rCorr    .         Harm     .   O - +0 pair of gloves
MR       +....     Rnd*Rage +   t - +2 pair of boots
Stlth    +++.......             p - +3 amulet of reflection
HPRegen  0.20/turn              a - ring of Okawaru's Esteem {rF- rC+++ Int+5 Slay+5 Stlth+}
MPRegen  0.27/turn              I - +4 ring of intelligence

@: about to teleport, divine energy
A: berserk 1, clumsy 1
a: Stop Divine Energy, Channel Magic, Forget Spell, Renounce Religion


You were on level 1 of the Elven Halls.
You worshipped Sif Muna.
Sif Muna was greatly pleased with you.
You were not hungry.

You visited 3 branches of the dungeon, and saw 18 of its levels.

You collected 1351 gold pieces.
You spent 1309 gold pieces at shops.

Inventory:

Hand Weapons
 s - the +2 war axe of Quvin {pain, rC+}
   (You found it on level 7 of the Dungeon)

   In the hands of one skilled in necromantic magic, it inflicts extra damage on
   living creatures.
   It protects you from cold.
 F - the +3 long sword of the Candelabrum (weapon) {speed, Int+3}
   (You found it on level 8 of the Dungeon)

   Attacks with this weapon are significantly faster.
   It affects your intelligence (+3).
Missiles
 y - 2 throwing nets (quivered)
Armour
 l - a +1 robe of fire resistance
 o - a +0 cloak (worn)
 r - a +3 buckler of protection (worn)
 t - a +2 pair of boots (worn)
 C - the +1 leather armour "Talacer" {*Slow +Blink rN++}
   (You bought it in a shop on level 8 of the Dungeon)

   It greatly protects you from negative energy.
   It lets you blink.
   It may slow you when you take damage.
 M - the +1 robe of Fanaticism (worn) {MP+9 Int+4}
   (You bought it in a shop on level 2 of the Orcish Mines)

   It affects your intelligence (+4).
   It affects your magic capacity (+9).
 O - a +0 pair of gloves (worn)
 P - a +0 troll leather armour
 R - a +2 helmet of intelligence (worn)
 U - a +2 robe of magic resistance
Magical Staves
 G - an uncursed staff of conjuration {!a}
Jewellery
 a - the ring of Okawaru's Esteem (left hand) {rF- rC+++ Int+5 Slay+5 Stlth+}
   (You acquired it on level 11 of the Dungeon)

   [ring of slaying]

   It affects your intelligence (+5).
   It affects your accuracy and damage with ranged weapons and melee attacks
   (+5).
   It makes you vulnerable to fire.
   It renders you almost immune to cold.
   It makes you more stealthy.
 i - a +2 ring of protection
 p - a +3 amulet of reflection (around neck)
 q - an uncursed ring of wizardry
 H - the ring "Rejunus" {rCorr rPois rC- Slay+3}
   (You found it on level 8 of the Dungeon)

   [ring of resist corrosion]

   It affects your accuracy and damage with ranged weapons and melee attacks
   (+3).
   It makes you vulnerable to cold.
   It protects you from poison.
 I - a +4 ring of intelligence (right hand)
 N - an uncursed ring of poison resistance
Wands
 k - a wand of acid (0/15)
 z - a wand of paralysis (14/24)
 A - a wand of lightning (7/15)
 B - a wand of disintegration (15/24)
 Y - a wand of acid (11/15)
Scrolls
 d - a scroll of immolation
 u - a scroll of fog
 v - a scroll of teleportation
 w - 3 scrolls of amnesia
 J - 3 scrolls of remove curse
 V - a scroll of recharging
Potions
 e - a potion of heal wounds
 f - 3 potions of agility
 h - 4 potions of haste
 m - 3 potions of mutation {unknown}
 n - 3 potions of curing
 x - 2 potions of lignification {unknown}
 D - 3 potions of flight
 E - a potion of ambrosia {unknown}
 L - a potion of cancellation {unknown}
 Q - 2 potions of degeneration
 S - 2 potions of magic {unknown}
 W - a potion of might {unknown}
Books
 b - a book of Flames

   Spells                             Type                      Level
   a - Flame Tongue                   Conjuration/Fire             1
   b - Throw Flame                    Conjuration/Fire             2
   c - Conjure Flame                  Conjuration/Fire             3
   d - Inner Flame                    Hexes/Fire                   3
   e - Sticky Flame                   Conjuration/Fire             4
   f - Fireball                       Conjuration/Fire             5
 Z - Sif Muna's Handbook of Lethal Earth
   (Sif Muna gifted it to you on level 14 of the Dungeon)

   Spells                             Type                      Level
   a - Searing Ray                    Conjuration                  2
   b - Iskenderun's Mystic Blast      Conjuration                  4
   c - Bolt of Magma                  Conjuration/Fire/Earth       5
   d - Orb of Destruction             Conjuration                  7
Comestibles
 c - 9 bread rations
 g - 3 meat rations
 j - 9 chunks of flesh
 K - 6 royal jellies


   Skills:
 - Level 2.4 Dodging
 - Level 2.4 Stealth
 - Level 4.0 Shields
 + Level 12.9 Spellcasting
 * Level 14.8 Conjurations
 * Level 15.0 Fire Magic
 + Level 9.8 Invocations


You had 7 spell levels left.
You knew the following spells:

 Your Spells              Type           Power        Failure   Level  Hunger
a - Flame Tongue          Conj/Fire      #####        0%          1    None
b - Sticky Flame          Conj/Fire      ########     1%          4    None
c - Conjure Flame         Conj/Fire      ########     0%          3    None
d - Fireball              Conj/Fire      ########..   1%          5    None
e - Bolt of Fire          Conj/Fire      ########..   1%          6    None
f - Orb of Destruction    Conj           ########..   1%          7    ###....
g - Iskenderun's Mystic   Conj           ########     1%          4    None


Dungeon Overview and Level Annotations

Branches:
Dungeon (15/15)            Temple (0/1) D:7            Lair (0/6) D:10
    Orc (2/2) D:10            Elf (1/3) Orc:2        Vaults (0/5) D:13
 Depths: D:15

Altars:
Dithmenos
Elyvilon
Kikubaaqudgha
Makhleb
Sif Muna
Trog
Yredelemnul
The Shining One

Shops:
D:8 [   D:15 *   Orc:2 (![[*

Annotations:
D:15 Rupert


Innate Abilities, Weirdness & Mutations

You tend to lose your temper in combat.
You are clumsy. (Dex -2)


Message History

A deep elf mage comes into view. It is wielding a rapier.
Unknown command.
Okay, then.
Okay, then.
Unknown command.
As you read the scroll of teleportation, it crumbles to dust.
You feel strangely unstable.
The orb of destruction hits the earth elemental.
You blow up the earth elemental!
The air elemental hits you but does no damage.
The short sword of electrocution hits you but does no damage.
You are electrocuted!
The jumping spider pounces on you but does no damage.
The jumping spider bites you but does no damage.
The air elemental hits you but does no damage.
You block the short sword of electrocution's attack.
The sun demon hits you!
* * * LOW HITPOINT WARNING * * *
You are engulfed in flames!!
The fire burns you terribly!
You die...

##......e..
##[....§..e##
#....§§.E...#
+....§.....(###
#....§...).>'..
#......e...)#
#....§.o3...##
#....s@(r.### #
#+....4E.+#....
##..§..##......
###'###.......
#.# $...>..
###'###.......
#..)..#.......
#.....###.....
##...## ##.##


You could see a sun demon, an earth elemental, a rust devil, 3 deep elf magi, an
air elemental, a jumping spider, an orc sorcerer, a hell rat and a short sword
of electrocution.

Vanquished Creatures
  An ettin (Orc:1)
  Josephine (D:11)
  A hydra (D:14)
  3 centaur warriors
  6 two-headed ogres
  3 tengu warriors
  A dancing weapon (Elf:1)
  6 death yaks (D:10)
  4 orc high priests (Orc:2)
  Urug (D:12)
  The ghost of braks the Fighter, a novice CeHu of the Shining One (D:7)
  3 unseen horrors
  2 wizards
  A deep elf archer (Elf:1)
  An orc sorcerer (Orc:2)
  3 cyclopes
  A necromancer (D:13)
  8 deep elf magi
  6 slime creatures
  2 ugly things
  A centaur zombie (D:15)
  The ghost of Goblin1989 the Shield-Bearer, a novice GnFi of Okawaru (D:4)
  2 centaur skeletons
  A komodo dragon (D:14)
  2 tengu conjurers (D:14)
  3 trolls
  A polar bear (shapeshifter) (D:15)
  A blink frog (shapeshifter) (D:15)
  3 hippogriffs
  2 hornets
  6 wraiths (D:11)
  A shadow (D:15)
  2 wyverns
  6 vampire mosquitoes
  A human (D:10)
  2 wargs
  A hell hound (D:12)
  A water moccasin (D:11)
  19 orc warriors
  A hornet zombie (D:5)
  The ghost of zaque the Vexing, an amateur OgAM (D:3)
  3 ice beasts
  13 ogres
  2 boggarts (D:15)
  A necrophage (D:10)
  A phantom (D:7)
  7 centaurs
  A crocodile (D:11)
  A big kobold (D:9)
  4 bullfrogs
  5 howler monkeys
  2 electric eels (Orc:2)
  A crimson imp (D:10)
  2 hounds
  A quasit (D:7)
  33 orc priests
  4 jellies
  4 gnoll shamans
  3 bullfrog skeletons
  4 iguanas
  22 orc wizards
  12 worker ants
  A killer bee zombie (D:7)
  A hound skeleton (D:8)
  A hound zombie (D:5)
  3 worker ant zombies
  60 gnolls
  11 adders
  A shadow imp (D:8)
  3 oozes
  2 adder zombies
  An adder skeleton (D:8)
  4 worms
  2 dart slugs (D:2)
  5 leopard geckos
  41 orcs
  5 bats
  3 giant cockroaches
  8 goblins
  5 hobgoblins
  13 jackals
  15 kobolds
  2 quokkas
  A frilled lizard (D:4)
  A leopard gecko skeleton (D:4)
  A quokka skeleton (D:5)
  A quokka zombie (D:10)
  2 rats
432 creatures vanquished.

Vanquished Creatures (others)
  A centaur warrior (D:12)
  3 centaurs
  A bush (D:14)
5 creatures vanquished.

Grand Total: 437 creatures vanquished

Notes
Turn   | Place    | Note
-------+----------+-------------------------------------------
     0 | D:1      | 4thArraOfDagon the Deep Elf Fire Elementalist began the quest for the Orb.
     0 | D:1      | Reached XP level 1. HP: 10/10 MP: 6/6
    51 | D:1      | Reached XP level 2. HP: 15/15 MP: 4/8
   156 | D:2      | Noticed an ice beast
   257 | D:2      | Reached XP level 3. HP: 12/19 MP: 0/9
   271 | D:2      | Reached skill level 4 in Fire Magic
   350 | D:2      | Reached XP level 4. HP: 14/24 MP: 1/11
   376 | D:2      | Learned a level 4 spell: Sticky Flame
   421 | D:2      | Found a burning altar of Makhleb.
   455 | D:2      | Killed an ice beast
   455 | D:2      | Reached XP level 5. HP: 26/28 MP: 1/13
   576 | D:4      | Reached skill level 5 in Fire Magic
   581 | D:4      | Learned a level 3 spell: Conjure Flame
   700 | D:5      | Entered Level 5 of the Dungeon
   703 | D:5      | Noticed a centaur
   806 | D:6      | Reached XP level 6. HP: 19/32 MP: 1/15
   827 | D:6      | Noticed an ice beast
   867 | D:6      | Learned a level 5 spell: Fireball
   889 | D:6      | Killed an ice beast
   889 | D:6      | Reached skill level 5 in Spellcasting
   957 | D:6      | Reached skill level 5 in Conjurations
   957 | D:6      | Reached skill level 6 in Fire Magic
   957 | D:6      | Reached XP level 7. HP: 24/36 MP: 6/16
  1042 | D:7      | Got a smoking war axe
  1043 | D:7      | Identified the +2 war axe of Quvin {pain, rC+} (You found it on level 7 of the Dungeon)
  1064 | D:7      | Noticed a hippogriff
  1076 | D:7      | Killed a hippogriff
  1076 | D:7      | Reached skill level 1 in Shields
  1138 | D:7      | Reached XP level 8. HP: 14/41 MP: 5/19
  1195 | D:7      | Found a white marble altar of Elyvilon.
  1204 | D:7      | Found a deep blue altar of Sif Muna.
  1220 | D:7      | Found a shadowy altar of Dithmenos.
  1246 | D:7      | Found an ancient bone altar of Kikubaaqudgha.
  1265 | D:7      | Became a worshipper of Sif Muna the Loreminder
  1291 | D:6      | Reached skill level 7 in Fire Magic
  1395 | D:5      | Found a glowing drain.
  1480 | D:4      | Noticed Goblin1989's ghost (novice GnFi)
  1498 | D:4      | Killed Goblin1989's ghost
  1498 | D:4      | Reached skill level 1 in Invocations
  1506 | D:4      | Reached * piety under Sif Muna
  1551 | D:4      | Noticed a hornet
  1557 | D:4      | Killed a hornet
  1605 | D:4      | Reached skill level 8 in Fire Magic
  1605 | D:4      | Reached XP level 9. HP: 17/45 MP: 6/21
  1959 | D:3      | Reached ** piety under Sif Muna
  2382 | D:3      | Noticed zaque's ghost (amateur OgAM)
  2401 | D:3      | Killed zaque's ghost
  2730 | D:6      | Reached skill level 9 in Fire Magic
  2863 | D:7      | Noticed braks's ghost (novice CeHu)
  2875 | D:7      | Killed braks's ghost
  2875 | D:7      | Reached *** piety under Sif Muna
  2959 | D:7      | Found a staircase to the Ecumenical Temple.
  3101 | D:8      | Reached XP level 10. HP: 41/50 MP: 19/24
  3112 | D:8      | Found Higoitru's Antique Armour Emporium.
  3120 | D:8      | Bought a faintly humming leather armour for 168 gold pieces
  3130 | D:8      | Identified the cursed +1 leather armour "Talacer" {*Slow +Blink rN++} (You bought it in a shop on level 8 of the Dungeon)
  3139 | D:7      | Found a basalt altar of Yredelemnul.
  3310 | D:8      | Noticed a cyclops
  3314 | D:8      | Noticed an unseen horror
  3317 | D:8      | Killed an unseen horror
  3330 | D:8      | Killed a cyclops
  3330 | D:8      | Reached skill level 10 in Fire Magic
  3369 | D:8      | Got an ichor-stained long sword
  3369 | D:8      | Got a flickering platinum ring
  3372 | D:8      | Got a twisted dagger
  3373 | D:8      | Identified the ring "Rejunus" {rCorr rPois rC- Slay+3} (You found it on level 8 of the Dungeon)
  3375 | D:8      | Identified the cursed +3 long sword of the Candelabrum {speed, Int+3} (You found it on level 8 of the Dungeon)
  3544 | D:9      | Identified the +2 dagger "Xuakotigie" {antimagic, MR+} (You found it on level 8 of the Dungeon)
  3719 | D:10     | Entered Level 10 of the Dungeon
  3728 | D:10     | Noticed a deep elf mage
  3730 | D:10     | Killed a deep elf mage
  3730 | D:10     | Reached skill level 5 in Invocations
  3739 | D:10     | Reached **** piety under Sif Muna
  3739 | D:10     | Reached skill level 10 in Conjurations
  3963 | D:10     | Noticed a death yak
  3978 | D:10     | Killed a death yak
  3981 | D:10     | Noticed a death yak
  3982 | D:10     | Noticed a death yak
  3985 | D:10     | You fall through a shaft!
  3986 | D:11     | :O
  4071 | D:10     | Noticed a death yak
  4077 | D:10     | Killed a death yak
  4077 | D:10     | Reached skill level 11 in Fire Magic
  4079 | D:10     | Noticed a death yak
  4160 | D:10     | Noticed a death yak
  4174 | D:10     | Killed a death yak
  4174 | D:10     | Reached XP level 11. HP: 53/54 MP: 8/26
  4175 | D:10     | Killed a death yak
  4181 | D:10     | Killed a death yak
  4186 | D:10     | Killed a death yak
  4220 | D:10     | Found a staircase to the Lair.
  4284 | D:10     | Found a staircase to the Orcish Mines.
  4293 | D:10     | Noticed a two-headed ogre
  4297 | D:10     | Killed a two-headed ogre
  4297 | D:10     | Reached skill level 10 in Spellcasting
  4431 | D:11     | Found a glowing golden altar of the Shining One.
  4508 | D:12     | Reached ***** piety under Sif Muna
  4573 | D:12     | Noticed a centaur warrior
  4585 | D:12     | Noticed an unseen horror
  4589 | D:12     | Killed an unseen horror
  4589 | D:12     | Received a gift from Sif Muna
  4597 | D:12     | Learned a level 6 spell: Bolt of Fire
  4648 | D:12     | Killed a centaur warrior
  4648 | D:12     | Reached skill level 12 in Fire Magic
  4757 | D:12     | Noticed Urug
  4783 | D:12     | Killed Urug
  4928 | D:13     | Noticed a tengu warrior
  4943 | D:13     | Killed a tengu warrior
  4957 | D:13     | Noticed a tengu warrior
  4964 | D:13     | Killed a tengu warrior
  4980 | D:13     | Noticed a two-headed ogre
  4980 | D:13     | Noticed a necromancer
  4980 | D:13     | Noticed a two-headed ogre
  4982 | D:13     | Killed a two-headed ogre
  4982 | D:13     | Reached XP level 12. HP: 44/59 MP: 6/28
  4983 | D:13     | Killed a two-headed ogre
  5024 | D:13     | Found a gate to the Vaults.
  5052 | D:14     | Noticed a five-headed hydra
  5054 | D:14     | Killed a five-headed hydra
  5055 | D:14     | Noticed a two-headed ogre
  5058 | D:14     | Killed a two-headed ogre
  5058 | D:14     | Reached skill level 13 in Fire Magic
  5100 | D:15     | Entered Level 15 of the Dungeon
  5101 | D:15     | Noticed a centaur warrior
  5107 | D:15     | Killed a centaur warrior
  5135 | D:15     | Found Asymeshi's Assorted Antiques.
  5161 | D:15     | Bought a fizzy grey potion for 27 gold pieces
  5161 | D:15     | Bought a scroll labeled TOPONU DEH QAL for 31 gold pieces
  5249 | D:15     | Gained mutation: You tend to lose your temper in combat. [mutagenic meat]
  5250 | D:15     | Gained mutation: You are clumsy. (Dex -2) [mutagenic meat]
  5345 | D:14     | Noticed a two-headed ogre
  5349 | D:14     | Noticed a centaur warrior
  5350 | D:14     | Killed a two-headed ogre
  5353 | D:14     | Killed a centaur warrior
  5391 | D:14     | Found a shadowy altar of Dithmenos.
  5393 | D:14     | Noticed a tengu warrior
  5401 | D:14     | Killed a tengu warrior
  5411 | D:14     | Reached XP level 13. HP: 56/63 MP: 16/30
  5467 | D:15     | Noticed Rupert
  5488 | D:14     | Identified Sif Muna's Handbook of Lethal Earth (Sif Muna gifted it to you on level 14 of the Dungeon)
  5488 | D:14     | Received a gift from Sif Muna
  5497 | D:14     | Learned a level 7 spell: Orb of Destruction
  5541 | D:14     | Reached skill level 14 in Fire Magic
  5695 | D:11     | Noticed Josephine
  5698 | D:11     | Killed Josephine
  5770 | D:11     | Got a scorched marble ring
  5772 | D:11     | Identified the ring of Okawaru's Esteem {rF- rC+++ Int+5 Slay+5 Stlth+} (You acquired it on level 11 of the Dungeon)
  5874 | Orc:1    | Entered Level 1 of the Orcish Mines
  5937 | Orc:2    | Entered Level 2 of the Orcish Mines
  6011 | Orc:1    | Noticed an ettin
  6019 | Orc:1    | Killed an ettin
  6306 | Orc:2    | Found a bloodstained altar of Trog.
  6444 | Orc:2    | Found a staircase to the Elven Halls.
  6465 | Orc:2    | Found Lsuathriadd's Luxury Loot.
  6715 | Orc:2    | Found Pioheod's Antique Armour Shoppe.
  6715 | Orc:2    | Found Xuliyc's Distillery.
  6718 | Orc:2    | Found Emudd's Antique Weapon Emporium.
  6721 | Orc:2    | Found Nurghir's Armour Shoppe.
  6725 | Orc:2    | Bought a potion of haste for 120 gold pieces
  6725 | Orc:2    | Bought a potion of haste for 120 gold pieces
  6725 | Orc:2    | Bought a potion of heal wounds for 60 gold pieces
  6725 | Orc:2    | Bought a potion of flight for 36 gold pieces
  6725 | Orc:2    | Bought a potion of degeneration for 12 gold pieces
  6727 | Orc:2    | Bought the +1 robe of Fanaticism {MP+9 Int+4} for 480 gold pieces
  6728 | Orc:2    | Bought a runed helmet for 255 gold pieces
  6806 | Orc:2    | Learned a level 4 spell: Iskenderun's Mystic Blast
  6807 | Elf:1    | Entered Level 1 of the Elven Halls
  6869 | Elf:1    | Reached skill level 15 in Fire Magic
  6895 | Elf:1    | Mangled by a sun demon

Vault maps used:
D:1:      scummos_arrival_forest
D:2:      bloody_makhleb
D:3:      lemuel_castle_with_subvaults, cheibrodos_ashenzari_chains
D:5:      first_bread, portal_sewer_entry_a, lemuel_flamethrower_1
D:7:      lemuel_upstairs_altar, nicolae_overflow_quartered_altars,
          minmay_temple_entry_grid
D:8:      minmay_the_grid_triangle_9x9_recursive_2, serial_shops, shop
D:10:     dpeg_lair_monsters, orc_0_dummy, hangedman_stone_soup
D:11:     basic_altar, minmay_holes, uniq_josephine
D:12:     serial_glass, glass_columns_a, glass_columns_c, uniq_urug
D:13:     david_vaults_1, uniq_azrael
D:14:     elyvilon_altar_1, nicolae_dithmenos_the_darkroom
D:15:     gammafunk_enter_depths_forms, serial_shops, shop, uniq_rupert
Orc:2:    st_orc_mages, nicolae_alphabet_shops, nicolae_orc_flooded_monolith,
          bloody_trog
Elf:1:    elf_arrival_001, serial_shops, nicolae_shop_waterfront,
          nicolae_shop_window_shopping, lightli_enter_wizlab_magi_temple,
          hangedman_elven_crosses_minicolossus

Skill      XL: |  1  2  3  4  5  6  7  8  9 10 11 12 13 |
---------------+----------------------------------------+-----
Conjurations   | 2 3 4 5 6 7 9 10 12 13 14 | 14.8
Fire Magic     | 4 5 6 8 9 11 12 13 15 | 15.0
Spellcasting   | 4 5 6 8 9 10 11 12 | 12.9
Shields        | 2 3 4 |  4.0
Invocations    | 1 4 5 7 8 9 |  9.8
Dodging        | |  2.4
Stealth        | |  2.4

Action                   |  1- 3 |  4- 6 |  7- 9 | 10-12 | 13-15 || total
-------------------------+-------+-------+-------+-------+-------++-------
Melee: Short sword       |     4 |    20 |       |       |       ||    24
       War axe           |       |       |   173 |     7 |       ||   180
       Long sword        |       |       |       |    78 |    37 ||   115
 Cast: Flame Tongue      |    31 |    35 |   109 |    44 |    10 ||   229
       Sticky Flame      |       |     7 |    19 |    35 |    14 ||    75
       Conjure Flame     |       |     2 |    13 |    16 |     2 ||    33
       Fireball          |       |       |    17 |    35 |    56 ||   108
       Bolt of Fire      |       |       |       |    33 |    34 ||    67
       Orb of Destructio |       |       |       |       |     5 ||     5
Invok: Divine Energy     |       |       |     1 |       |       ||     1
       Channel Magic     |       |       |     1 |    11 |    14 ||    26
Evoke: Wand              |     1 |     2 |     7 |       |       ||    10
  Use: Scroll            |     1 |     6 |     5 |     4 |     6 ||    22
       Potion            |       |       |     2 |       |     4 ||     6
 Stab: Sleeping          |       |       |     2 |     2 |       ||     4
  Eat: Fruit             |     3 |       |       |     8 |       ||    11
       Chunk             |       |       |    11 |    14 |    14 ||    39
       Royal jelly       |       |       |       |     1 |       ||     1
Armor: Robe              |     2 |     8 |    64 |       |    19 ||    93
       Leather armour    |       |       |       |    28 |       ||    28
       Troll leather arm |       |       |       |    16 |     8 ||    24
Dodge: Dodged            |     9 |    26 |   128 |    56 |    42 ||   261
Block: Other             |       |     2 |       |       |       ||     2
       Buckler           |       |       |   167 |    78 |    50 ||   295
       Reflection        |       |       |     4 |    16 |     2 ||    22
       Rpst.: Long sword |       |       |       |    13 |    12 ||    25

Table legend:
 A = Spawn XP
 B = Non-spawn XP
 C = Spawn XP percentage of total XP
 D = Spawn monster count
 E = Non-spawn monster count
 F = Spawn count percentage of total count
 G = Total turns spent on level
                    A         B        C        D         E        F      G
               +---------+---------+-------+---------+---------+-------+---------
         Total |       0 |   62181 |   0.0 |       0 |     436 |   0.0 |  6895
               +---------+---------+-------+---------+---------+-------+---------
           D:1 |       0 |      17 |   0.0 |       0 |       6 |   0.0 |   218
           D:2 |       0 |     232 |   0.0 |       0 |      20 |   0.0 |   507
           D:3 |       0 |    1076 |   0.0 |       0 |      73 |   0.0 |   743
           D:4 |       0 |     862 |   0.0 |       0 |      17 |   0.0 |   330
           D:5 |       0 |     431 |   0.0 |       0 |      17 |   0.0 |   335
           D:6 |       0 |     988 |   0.0 |       0 |      24 |   0.0 |   451
           D:7 |       0 |    1762 |   0.0 |       0 |      20 |   0.0 |   412
           D:8 |       0 |    2169 |   0.0 |       0 |      17 |   0.0 |   440
           D:9 |       0 |     310 |   0.0 |       0 |      15 |   0.0 |   291
          D:10 |       0 |    7442 |   0.0 |       0 |      17 |   0.0 |   592
          D:11 |       0 |    4274 |   0.0 |       0 |      19 |   0.0 |   326
          D:12 |       0 |    4540 |   0.0 |       0 |      20 |   0.0 |   478
          D:13 |       0 |    5661 |   0.0 |       0 |      13 |   0.0 |   236
          D:14 |       0 |   10391 |   0.0 |       0 |      24 |   0.0 |   276
          D:15 |       0 |    5260 |   0.0 |       0 |      16 |   0.0 |   239
         Orc:1 |       0 |    3352 |   0.0 |       0 |      41 |   0.0 |   321
         Orc:2 |       0 |    7772 |   0.0 |       0 |      68 |   0.0 |   612
         Elf:1 |       0 |    5642 |   0.0 |       0 |       9 |   0.0 |    88
               +---------+---------+-------+---------+---------+-------+---------
